 Dungeon Crawl Stone Soup version 0.28-a0-861-ge64d6db94f (webtiles) character file.

Game seed: 11016742684560143206

437 Zenkrye the Cudgeller (level 6, -1/50 HPs)
             Began as a Palentonga Abyssal Knight on Nov 15, 2021.
             Was a Believer of Lugonu.
             Slain by an orc (3 damage)
             ... on level 4 of the Dungeon.
             The game lasted 00:08:07 (3582 turns).

Zenkrye the Cudgeller (Palentonga Abyssal Knight)   Turns: 3582, Time: 00:08:08

Health: -1/50      AC:  5    Str: 18    XL:     6   Next: 69%
Magic:  9/9        EV:  8    Int: 10    God:    Lugonu [**....]
Gold:   181        SH:  0    Dex: 11    Spells: 5/5 levels left

rFire   . . .      SeeInvis +   g - +3 mace (drain)
rCold   . . .      Faith    .   (no shield)
rNeg    . . .      Spirit   .   d - +0 ring mail
rPois   +          Reflect  .   (no helmet)
rElec   .          Harm     .   (no cloak)
rCorr   .          Rampage  .   (no gloves)
Will    .....                   (no barding)
Stlth   +.........              (no amulet)
HPRegen 0.16/turn               o - ring of poison resistance
MPRegen 0.11/turn               (no ring)

@: no status effects
A: large, rugged brown scales 3, see invisible, deformed body, roll 1, armoured
tail
a: Rolling Charge, Renounce Religion, Depart the Abyss, Bend Space


You were on level 4 of the Dungeon.
You worshipped Lugonu.
Lugonu was pleased with you.
You visited 1 branch of the dungeon, and saw 4 of its levels.
You visited the Abyss 1 time.

You collected 181 gold pieces.

Inventory:

Hand Weapons
 a - a +1 mace
 g - a +3 mace of draining (weapon)
 h - a +0 hunting sling {@w2}
Missiles
 c - 78 sling bullets
 l - 7 poisoned darts (quivered)
Armour
 b - a +0 leather armour
 d - a +0 ring mail (worn)
Jewellery
 o - a ring of poison resistance (left hand)
Scrolls
 e - a scroll of teleportation {@r3}
 i - a scroll of vulnerability {unknown}
Potions
 f - a potion of magic
 j - 2 potions of ambrosia
 m - a potion of invisibility {unknown}


   Skills:
 - Level 3.0 Fighting
 * Level 6.3 Maces & Flails
 - Level 1.5 Armour
 - Level 0.7 Dodging
 + Level 4.3 Invocations


You had 5 spell levels left.
You didn't know any spells.
Your spell library contained the following spells:

 Spells                   Type           Power      Damage    Failure   Level
 Freeze                   Ice            0%         1d3       56%         1
 Frozen Ramparts          Ice            0%         1d2       90%         3
 Ozocubu's Armour         Ice            0%         N/A       90%         3
 Hailstorm                Conj/Ice       0%         3d3       100%        4
 Ozocubu's Refrigeration  Ice            0%         4d5       100%        7


Dungeon Overview and Level Annotations

Branches:
Dungeon (4/15)
 Temple: D:4-7

Altars:

Shops:
D:4 =


Innate Abilities, Weirdness & Mutations

You are completely covered in rugged brown scales. (AC +3, +7% HP)
You have supernaturally acute eyesight. (SInv)
Armour fits poorly on your strangely shaped body.
You can roll at nearby foes to attack.
You have a long armoured tail.


Message History

Lugonu accepts your kill. The orc barely misses you.
The orc hits you with a +0 club.
* * * LOW HITPOINT WARNING * * *
You closely miss the orc wizard.
The orc wizard is heavily wounded.
The orc hits you with a +0 dagger.
* * * LOW HITPOINT WARNING * * *
The orc hits you but does no damage.
The orc wizard gestures at you while chanting.
The magic dart hits you.
* * * LOW HITPOINT WARNING * * *
The orc closely misses you.
You feel better. The orc closely misses you.
The orc wizard hits you with a +0 dagger.
The orc hits you but does no damage.
You hit the orc wizard but do no damage.
You drain the orc wizard.
The orc wizard is severely wounded.
The orc hits you with a +0 club.
* * * LOW HITPOINT WARNING * * *
The orc wizard hits you with a +0 dagger.
* * * LOW HITPOINT WARNING * * *
The orc hits you with a +0 dagger.
* * * LOW HITPOINT WARNING * * *
You hit the orc wizard.
You kill the orc wizard!
Lugonu accepts your kill. The orc hits you with a +0 club.
* * * LOW HITPOINT WARNING * * *
The orc hits you with a +0 dagger.
* * * LOW HITPOINT WARNING * * *
Items here: ))) [[ †††.
You hit the orc.
Your tail-slap misses the orc.
The orc is heavily wounded.
The orc hits you but does no damage.
Okay, then.
You barely miss the orc.
The orc is heavily wounded.
The orc hits you with a +0 club.
You die...

..# #...# ..####
###.#.###
....#######...#...#
...........#####.#
##)######.#...#...# #
#...# #.###.#.###
####.##...### #.# #...#
#...........###.# ##.##
.............@oo.## #.#
##.###......(##...###.#
###...#....#...#.#
#...####...#.#.# #####
##.##.#.# #.##.#.#
#.##.#.# ##..#.#.#
#...#.#.#####


You could see 2 orcs.

Vanquished Creatures
  2 necrophages
  An orc priest (D:4)
  3 orc wizards
  3 adders
  4 gnolls (D:3)
  A shadow imp (D:4)
  A worm (D:2)
  2 dart slugs
  5 orcs
  5 endoplasms
  3 giant cockroaches
  5 goblins
  4 hobgoblins
  11 jackals
  5 kobolds
  5 quokkas
  5 ball pythons
  8 bats
  A frilled lizard (D:1)
  A quokka skeleton (D:4)
  2 rats
77 creatures vanquished.

Notes
Turn   | Place    | Note
-------+----------+-------------------------------------------
     0 | Abyss:1  | Zenkrye the Palentonga Abyssal Knight began the quest for
                  | the Orb.
     0 | Abyss:1  | Reached XP level 1. HP: 19/19 MP: 2/2
    55 | Abyss:1  | Found a corrupted altar of Lugonu.
   118 | Abyss:1  | Noticed a sixfirhy
   118 | Abyss:1  | Noticed a quasit
   119 | D:1      | Escaped the Abyss
   272 | D:1      | Reached XP level 2. HP: 25/25 MP: 3/3
   322 | D:1      | Reached * piety under Lugonu
   323 | D:1      | Reached skill level 3 in Maces & Flails
   858 | D:1      | Reached XP level 3. HP: 28/31 MP: 4/4
  1176 | D:2      | Noticed a necrophage
  1187 | D:2      | Killed a necrophage
  1188 | D:2      | Reached skill level 4 in Maces & Flails
  1188 | D:2      | Reached XP level 4. HP: 20/37 MP: 4/6
  1799 | D:2      | Reached XP level 5. HP: 42/43 MP: 7/7
  1966 | D:3      | Reached skill level 5 in Maces & Flails
  2074 | D:3      | Found a faded altar of an unknown god.
  2148 | D:3      | Reached ** piety under Lugonu
  3169 | D:4      | Found Enkaen's Jewellery Shoppe.
  3356 | D:4      | Noticed a necrophage
  3365 | D:4      | Killed a necrophage
  3366 | D:4      | Reached XP level 6. HP: 38/50 MP: 7/9
  3570 | D:4      | Reached skill level 6 in Maces & Flails
  3579 | D:4      | HP: 2/50 [orc (2)]
  3582 | D:4      | Slain by an orc

Illustrated notes

Levels and vault maps discovered:
D:1:      dpeg_arrival_triangle_fractal, layout_rooms
D:2:      layout_rooms, hangedman_feature_mirror, bh_walls_and_bars
D:3:      layout_basic, shapermc_ecumenical_altar_petra, feat_on_display
D:4:      layout_loops_ring, serial_shops, nicolae_stop_n_shop_1,
          kennysheep_generic_room_14

Skill      XL: |  1  2  3  4  5  6 |
---------------+-------------------+-----
Maces & Flails | 3 4 5 6 |  6.3
Invocations    | 3 4 |  4.3
Fighting       | |  3.0
Armour         | |  1.5
Dodging        | |  0.7

Action                   |  1- 3 |  4- 6 || total
-------------------------+-------+-------++-------
Melee: Mace              |    75 |   101 ||   176
       Tailslap          |     4 |     8 ||    12
 Fire: Hunting sling     |       |    33 ||    33
Throw: Dart              |       |    10 ||    10
Invok: Depart the Abyss  |     1 |       ||     1
       Bend Space        |       |     1 ||     1
 Abil: Rolling Charge    |       |     1 ||     1
  Use: Scroll            |     1 |     5 ||     6
       Potion            |     1 |     2 ||     3
Armor: Ring mail         |    27 |    45 ||    72
       Skin              |    15 |       ||    15
Dodge: Dodged            |    32 |    53 ||    85

Table legend: (Time is in decaauts)
 A = Elapsed time spent in this place.
 B = Non-inter-level travel time spent in this place.
 C = Inter-level travel time spent in this place.
 D = Time resting spent in this place.
 E = Time spent auto-exploring this place.
 F = Levels seen in this place.
 G = Mean time per level.
                   A        B        C        D        E       F      G
               +--------+--------+--------+--------+--------+-----+--------+
         Total |   3617 |   3545 |     72 |    663 |   2257 |   5 |  723.4 |
       Dungeon |   3498 |   3426 |     72 |    663 |   2155 |   4 |  874.5 |
         Abyss |    119 |    119 |      0 |      0 |    102 |   1 |  119.0 |
               +--------+--------+--------+--------+--------+-----+--------+

Top non-repeatable levels by time:
     D:2: 1125 daAuts
     D:1: 948 daAuts
     D:3: 877 daAuts
     D:4: 546 daAuts
 Abyss:1: 119 daAuts
